 Dungeon Crawl Stone Soup version 0.16-a0-3699-g1c51eb1 (webtiles) character file.

219 Stone the Insei (level 5, 0/37 HPs)
             Began as an Octopode Monk on Jan 18, 2015.
             Was a Believer of Dithmenos.
             Slain by a sky beast (5 damage)
             ... on level 4 of the Dungeon.
             The game lasted 00:05:57 (2262 turns).

Stone the Insei (Octopode Monk)                     Turns: 2262, Time: 00:05:57

Health: 0/37       AC:  1    Str: 15    XL:     5   Next: 96%
Magic:  5/5        EV: 14    Int: 13    God:    Dithmenos [**....]
Gold:   103        SH:  0    Dex: 15    Spells: 0 memorised, 4 levels left

rFire  . . .     SeeInvis .       - Unarmed
rCold  . . .     Clarity  .     (no shield)
rNeg   . . .     SustAb   .     (helmet restricted)
rPois  .         Gourm    .     (no amulet)
rElec  .         Spirit   .     p - +5 ring of strength
rCorr  .         Warding  .     (no ring)
rMut   .         Stasis   .     (no ring)
MR     .....                    (no ring)
Stlth  ++++......               (no ring)
                                (no ring)
                                (no ring)
                                (no ring)

@: wreathed by umbra, not resistant to hostile enchantments, stealthy
A: almost no armour, amphibious, 8 rings, constrict 8, camouflage 1, gelatinous
body 1
a: Shadow Step, Renounce Religion


You were on level 4 of the Dungeon.
You worshipped Dithmenos.
Dithmenos was pleased with you.
You were very hungry.

You visited 2 branches of the dungeon, and saw 4 of its levels.

You collected 103 gold pieces.

Inventory:

Missiles
 a - 102 stones (quivered)
 e - 20 poisoned needles
 g - 35 bolts
 j - 15 sling bullets
Jewellery
 p - a +5 ring of strength (left tentacle)
Scrolls
 c - a scroll of remove curse {unknown}
 k - a scroll of immolation {unknown}
 m - a scroll of enchant armour {unknown}
 q - a scroll of noise {unknown}
Potions
 d - a potion of heal wounds {unknown}
 h - 2 potions of curing {unknown}
 i - 2 potions of agility {unknown}
 l - a potion of restore abilities {unknown}
 n - a potion of brilliance {unknown}
Comestibles
 b - 4 bread rations
 f - a meat ration


   Skills:
 + Level 4.2 Fighting
 + Level 4.1 Dodging
 - Level 2.6 Stealth
 * Level 5.5 Unarmed Combat


You had 4 spell levels left.
You didn't know any spells.

Dungeon Overview and Level Annotations

Branches:
Dungeon (4/15)             Temple (1/1) D:4

Altars:
Dithmenos
Gozag
Kikubaaqudgha
Makhleb
Sif Muna
Trog
The Shining One


Innate Abilities, Weirdness & Mutations

You cannot wear most types of armour.
You are amphibious.
You can wear up to eight rings at the same time.
You can use your tentacles to constrict many enemies at once.
Your skin changes colour to match your surroundings (Stealth).
Your rubbery body absorbs attacks (AC +1).


Message History

The sky beast is lightly wounded.
The hobgoblin shouts!
The sky beast closely misses you.
You miss the sky beast.
The sky beast is lightly wounded.
You barely miss the sky beast. You squeeze the sky beast.
The sky beast is moderately wounded.
The sky beast flickers out of sight!
Deactivating autopickup; reactivate with Ctrl-A.
Something completely misses you.
You barely miss something. Something hits you. Something shocks you.
You bludgeon something! Something hits you. Something shocks you.
You tentacle-slap something. Something completely misses you.
You barely miss something. Something hits you. Something shocks you.
You barely miss something. Something hits you.
* * * LOW HITPOINT WARNING * * *
Something shocks you.
* * * LOW HITPOINT WARNING * * *
You closely miss something. Something hits you.
You die...

.............# #.#
....####..##### #.#
#.........# #.###
#....###.## #.##. ....#
#.# #.##. ...# #.# #.##.
.g###.###### #.##. #
#{#.....##.###.##.
#..#@#.###.#.#.##.##.
#.$....# #..###.#.##.
#.##.#.###.#.#.##.##.
..........>.##........
...#.##..............###
#.. #................. #
###.##.###########
#.##... .... ..######
####


You could see a hobgoblin.

Vanquished Creatures
  An ogre (D:4)
  A scorpion (D:4)
  Terence (D:2)
  An adder (D:2)
  A worm (D:2)
  2 oozes (D:1)
  5 orcs (D:4)
  8 bats
  A bat skeleton (D:4)
  A giant cockroach (D:1)
  6 goblins
  3 hobgoblins
  4 kobolds
  2 giant geckos (D:1)
  A giant newt (D:4)
  4 jackals
  A jackal skeleton (D:4)
  6 rats
49 creatures vanquished.

Notes
Turn   | Place    | Note
--------------------------------------------------------------
     0 | D:1      | Stone, the Octopode Monk, began the quest for the Orb.
     0 | D:1      | Reached XP level 1. HP: 16/16 MP: 1/1
   121 | D:1      | Reached XP level 2. HP: 17/21 MP: 2/2
   662 | D:1      | Reached XP level 3. HP: 22/26 MP: 3/3
  1117 | D:2      | Noticed Terence
  1131 | D:2      | Killed Terence
  1408 | D:2      | Reached XP level 4. HP: 31/33 MP: 4/4
  1491 | D:2      | You fall through a shaft for 2 floors!
  1515 | D:4      | Noticed a sky beast
  1529 | D:4      | Reached skill level 5 in Unarmed Combat
  1692 | D:4      | Reached XP level 5. HP: 37/37 MP: 5/5
  1917 | D:4      | Noticed an ogre
  1919 | D:4      | Found a staircase to the Ecumenical Temple.
  1937 | D:4      | Killed an ogre
  1943 | Temple   | Entered the Ecumenical Temple
  2198 | Temple   | Became a worshipper of Dithmenos the Shadowed
  2198 | Temple   | Acquired Dithmenos' first power
  2262 | D:4      | Slain by a sky beast

Action                   |  1- 3 |  4- 6 || total
-------------------------+-------+-------++-------
Melee: Unarmed           |    81 |    49 ||   130
Throw: Stone             |       |     2 ||     2
  Use: Scroll            |     4 |       ||     4
 Stab: Sleeping          |     5 |     1 ||     6
  Eat: Chunk             |       |     3 ||     3
